 Dungeon Crawl Stone Soup version 0.30-a0-371-gad7725a93e (webtiles) character file.

Game seed: 2158287775240547546

28198 pokeman the Eclecticist (level 13, -4/72 HPs)
             Began as a Deep Elf Hedge Wizard on Nov 21, 2022.
             Was a Believer of Vehumet.
             Killed by the air
             ... invoked by a wind drake (shapeshifter)
              (12 damage)
             ... on level 13 of the Dungeon.
             The game lasted 01:15:06 (16139 turns).

pokeman the Eclecticist (Deep Elf Hedge Wizard)    Turns: 16139, Time: 01:15:11

Health: -4/72      AC: 19    Str:  7    XL:     13   Next: 8%
Magic:  52/55      EV: 11    Int: 28    God:    Vehumet [**....]
Gold:   2121       SH:  6    Dex: 16    Spells: 34/49 levels left

rFire   . . .      SeeInvis .    Z - +2 falchion (elec)
rCold   . . .      Faith    .    x - +1 buckler {AC+3}
rNeg    . . .      Spirit   .    A - +2 acid dragon scales
rPois   +          Reflect  .    U - +2 hat "Somio" {MP+9 Int+3}
rElec   +          Harm     .    t - +0 cloak
rCorr   +          Rampage  .    c - +1 pair of gloves of Luwaf {rElec rCorr Dex+2 Stlth-}
Will    +....                    I - +1 pair of boots
Stlth   +.........               n - amulet of magic regeneration
HPRegen 0.32/turn                O - ring of poison resistance
MPRegen 0.74/turn                V - ring of magical power

@: no status effects
A: no striking features
a: Renounce Religion


You were on level 13 of the Dungeon.
You worshipped Vehumet.
Vehumet was pleased with you.
You visited 2 branches of the dungeon, and saw 14 of its levels.
You also visited: Sewer and Bailey.

You collected 2371 gold pieces.
You spent 250 gold pieces at shops.

Inventory:

Hand Weapons
 a - a +5 vorpal shortbow
 Z - a +2 falchion of electrocution (weapon)
Missiles
 r - 5 curare-tipped darts
Armour
 c - the +1 pair of gloves of Luwaf (worn) {rElec rCorr Dex+2 Stlth-}
   (You acquired it in the Ecumenical Temple)

   Dex:       It affects your dexterity (+2).
   rElec:     It insulates you from electricity.
   rCorr:     It protects you from acid and corrosion.
   Stlth:     It makes you less stealthy.
 e - a +4 ring mail of fire resistance
 f - the +2 robe of Parts Unknown {Rampage rC++ Str+2}
   (You found it on level 12 of the Dungeon)

   Str:       It affects your strength (+2).
   rC:        It greatly protects you from cold.
   Rampage:   It bestows one free step when moving towards enemies.
 t - a +0 cloak (worn)
 x - a +1 buckler of protection (worn)
 A - +2 acid dragon scales (worn)
 I - a +1 pair of boots (worn)
 U - the +2 hat "Somio" (worn) {MP+9 Int+3}
   (You found it on level 7 of the Dungeon)

   Int:       It affects your intelligence (+3).
   MP:        It affects your magic capacity (+9).
Jewellery
 n - an amulet of magic regeneration (around neck)
 O - a ring of poison resistance (left hand)
 V - a ring of magical power (right hand)
Wands
 g - a wand of digging (7)
 q - a wand of paralysis (17)
Scrolls
 b - 5 scrolls of magic mapping
 o - 2 scrolls of blinking
 p - 6 scrolls of teleportation
 G - 3 scrolls of noise {unknown}
 M - a scroll of torment {unknown}
 P - a scroll of brand weapon {unknown}
 W - a scroll of summoning {unknown}
Potions
 d - 5 potions of magic
 h - a potion of brilliance
 w - 2 potions of haste {unknown}
 D - 4 potions of ambrosia {unknown}
 J - 4 potions of heal wounds {unknown}
 N - 5 potions of curing
 R - a potion of cancellation {unknown}
 S - 3 potions of mutation {unknown}
 X - a potion of resistance {unknown}


   Skills:
 + Level 4.7 Fighting
 - Level 4.0 Armour
 - Level 3.1 Dodging
 - Level 3.0 Stealth
 - Level 5.0 Shields
 * Level 18.5 Spellcasting
 + Level 11.1 Conjurations
 - Level 1.1 Summonings
 - Level 10.0 Necromancy
 - Level 1.1 Translocations
 + Level 4.3 Fire Magic
 - Level 1.2 Ice Magic
 - Level 1.5 Air Magic
 - Level 1.0 Earth Magic
 - Level 1.0 Poison Magic
 - Level 1.2 Evocations


You had 34 spell levels left.
You knew the following spells:

 Your Spells              Type           Power      Damage    Failure   Level
a - Magic Dart            Conj           100%       1d8       1%          1
b - Mephitic Cloud        Conj/Pois/Air  51%        N/A       1%          3
c - Call Imp              Summ           32%        N/A       3%          2
d - Blink                 Tloc           64%        N/A       3%          2
e - Hailstorm             Conj/Ice       57%        3d12      1%          3
f - Flame Wave            Conj/Fire      62%        2d14      1%          4

Your spell library contained the following spells:

 Spells                   Type           Power      Damage    Failure   Level
 Static Discharge         Conj/Air       100%       2-7/arc   1%          2
 Cigotuvi's Dreadful Rot  Necr/Pois/Air  98%        N/A       1%          2
 Scorch                   Fire           100%       2d10      1%          2
 Dispel Undead            Necr           70%        3d24      1%          4
 Slow                     Hex            100%       N/A       3%          1
 Poisonous Vapours        Pois/Air       66%        N/A       3%          2
 Death Channel            Necr           35%        N/A       10%         6
 Ice Form                 Ice/Tmut       29%        N/A       28%         4
 Simulacrum               Ice/Necr       27%        N/A       50%         6
 Summon Cactus Giant      Summ           16%        N/A       98%         6


Dungeon Overview and Level Annotations

Branches:
Dungeon (13/15)            Temple (1/1) D:5            Lair (0/5) D:8
    Orc (0/2) D:11          Sewer (visited)          Bailey (visited)
 Vaults: D:13-14

Altars:
Ashenzari
Cheibriados
Dithmenos
Elyvilon
Fedhas
Gozag
Hepliaklqana
Kikubaaqudgha
Makhleb
Nemelex Xobeh
Okawaru
Qazlal
Ru
Sif Muna
Trog
Uskayaw
Vehumet
Wu Jian
Xom
Yredelemnul
Zin
The Shining One

Shops:
D:1 *   D:11 ([=

Portals:
Trove: D:12 (give +4 demon whip)


Message History

Press: ? - help, Dir - look around, f - activate A cannonade of hail descends around you!
The hail pelts the great orb of eyes!
The great orb of eyes is severely wounded.
The hail pelts the two-headed ogre.
The two-headed ogre is almost dead.
Unknown command.
Casting: Hailstorm (safe; 1% risk of failure)
Confirm with . or Enter, or press ? or * to list all spells.
Casting: Hailstorm (safe; 1% risk of failure)
Press: ? - help, Dir - look around, f - activate A cannonade of hail descends around you!
The hail pelts the great orb of eyes!
The great orb of eyes is almost dead.
The hail pelts the troll!!
You kill the troll!
Vehumet accepts your kill.
You feel your power returning.
The troll leather armour is intact enough to wear.
Vehumet accepts your kill.
You feel a bit more experienced.
Unknown command.
Casting: Hailstorm (safe; 1% risk of failure)
Confirm with . or Enter, or press ? or * to list all spells.
Okay, then.
Unknown command.
The great orb of eyes bites the wraith!
Casting: Hailstorm (safe; 1% risk of failure)
Confirm with . or Enter, or press ? or * to list all spells.
Casting: Hailstorm (safe; 1% risk of failure)
Press: ? - help, Dir - look around, f - activate
Okay, then.
Unknown command.
The great orb of eyes bites the wraith!
The great orb of eyes bites itself!
The great orb of eyes is killed!
Vehumet accepts your kill.
You feel your power returning. The wind drake flaps its wings at you.
The air twists around and strikes you!
You die...

#.....#)...
#.###....(#
##.####.#..#
#######..........#
########
#..........[..#.##
#......#
#.#####..####.#.#
#.####.# ##.## #..#
# ..# #.# #.###...##
#..# # #.#
#.##.#@#.###..# #.#
#.............#
#.#######.#.#.######
#.....# ##.W)##
#######.# ##.#######
#.......# #y.......
#.####..# ##c#######
#.# #..# ##Kk# #.#
#>.###..c#


You could see a wind drake (repels missiles), a centaur warrior, a kobold
demonologist, a wraith and a vampire mosquito.

Vanquished Creatures
  Gastronok (D:10)
  A great orb of eyes (D:13)
  3 two-headed ogres
  4 centaur warriors (D:12)
  A tengu warrior (D:10)
  Urug (D:13)
  Nergalle (D:10)
  The ghost of Pooter the Cleaver, a novice MiBe of Trog (D:7)
  Amaemon (D:10)
  Lodul (D:13)
  A deep elf archer (D:12)
  Pikel (D:7)
  2 orc knights
  An ugly thing (D:11)
  A manticore (D:11)
  An orc sorcerer (Bailey)
  A cyclops (D:13)
  Joseph (D:7)
  A gargoyle (D:9)
  An orange demon (D:10)
  Maggie (D:7)
  An unseen horror (D:12)
  4 kobold demonologists
  3 trolls
  2 hornets
  4 wraiths
  A human (D:7)
  Sigmund (D:4)
  A wyvern (D:9)
  2 shadows
  Eustachio (D:4)
  A vampire (D:10)
  8 yaks
  5 steam dragons
  Edmund (D:5)
  2 vampire mosquitoes (D:12)
  Menkaure (D:5)
  A water moccasin (D:7)
  An ice beast (D:8)
  28 orc warriors
  A sky beast (D:8)
  A swamp drake (D:11)
  2 black bears
  12 centaurs
  12 ogres
  14 kobold brigands
  4 bullfrogs
  2 gnoll sergeants
  4 scorpions
  11 wights
  10 killer bees
  2 vampire bats (D:8)
  5 howler monkeys
  5 electric eels (Bailey)
  A crimson imp (D:6)
  A hound (D:4)
  A jelly (D:4)
  Crazy Yiuf (D:2)
  7 orc priests
  A gnoll bouda (D:10)
  Ijyb (D:3)
  2 iguanas
  8 orc wizards
  15 gnolls
  11 adders
  A river rat (Sewer)
  A shadow imp (D:7)
  A white imp (D:6)
  3 worms
  A dart slug (D:2)
  34 orcs
  A bat skeleton (D:8)
  2 bat zombies (D:8)
  7 endoplasms
  6 giant cockroaches
  16 goblins
  13 hobgoblins
  4 quokkas
  11 ball pythons
  4 bats
  A frilled lizard (D:1)
  A jackal skeleton (D:7)
  25 kobolds
  9 rats
370 creatures vanquished.

Vanquished Creatures (collateral kills)
  2 gnolls (D:9)
  A bat skeleton (D:8)
3 creatures vanquished.

Vanquished Creatures (others)
  A wight (D:8)
  A killer bee (D:9)
  2 electric eels (Bailey)
  2 fungi (D:2)
6 creatures vanquished.

Grand Total: 379 creatures vanquished

Notes
Turn   | Place    | Note
-------+----------+-------------------------------------------
     0 | D:1      | pokeman the Deep Elf Hedge Wizard began the quest for the
                  | Orb.
     0 | D:1      | Reached XP level 1. HP: 10/10 MP: 7/7
   566 | D:1      | Reached XP level 2. HP: 16/16 MP: 5/9
   844 | D:1      | Found Lirit's Assorted Antiques.
  1082 | D:1      | Reached skill level 5 in Spellcasting
  1387 | D:2      | Reached XP level 3. HP: 20/20 MP: 9/11
  1391 | D:2      | Learned a level 3 spell: Mephitic Cloud
  1394 | D:2      | Learned a level 2 spell: Call Imp
  1397 | D:2      | Learned a level 2 spell: Blink
  1745 | D:2      | Found a runed translucent door.
  1746 | D:2      | Noticed Crazy Yiuf
  1845 | D:2      | Reached skill level 1 in Armour
  2104 | D:2      | Killed Crazy Yiuf
  2105 | D:2      | Reached skill level 1 in Fighting
  2105 | D:2      | Reached XP level 4. HP: 25/25 MP: 3/13
  2560 | D:3      | Found a sacrificial altar of Ru.
  2674 | D:3      | Noticed Ijyb
  2688 | D:3      | Killed Ijyb
  2728 | D:3      | Reached skill level 6 in Spellcasting
  2738 | D:3      | Reached XP level 5. HP: 27/29 MP: 15/15
  3099 | D:4      | Noticed Sigmund
  3100 | D:4      | Noticed Eustachio
  3128 | D:3      | Reached skill level 1 in Poison Magic
  3189 | D:1      | Bought a shiny buckler for 142 gold pieces
  3189 | D:1      | Bought a heavy robe for 108 gold pieces
  3189 | D:1      | Identified the +0 robe "Visic" {Str+5} (You bought it in a
                  | shop on level 1 of the Dungeon)
  3259 | D:4      | Killed Sigmund
  3260 | D:4      | Reached skill level 7 in Spellcasting
  3260 | D:4      | Reached skill level 1 in Air Magic
  3260 | D:4      | Reached skill level 1 in Evocations
  3260 | D:4      | Reached XP level 6. HP: 33/34 MP: 18/18
  3275 | D:4      | Killed Eustachio
  3276 | D:4      | Reached XP level 7. HP: 31/38 MP: 20/20
  3378 | D:4      | Found a stormy altar of Qazlal.
  3405 | D:4      | Reached skill level 1 in Shields
  3405 | D:4      | Reached skill level 8 in Spellcasting
  3572 | D:4      | Reached skill level 9 in Spellcasting
  3855 | D:5      | Entered Level 5 of the Dungeon
  3874 | D:5      | Found a white marble altar of Elyvilon.
  3903 | D:5      | Noticed Edmund
  3961 | D:5      | Killed Edmund
  3962 | D:5      | Reached skill level 1 in Necromancy
  3962 | D:5      | Reached XP level 8. HP: 14/43 MP: 20/23
  3997 | D:5      | Found a glowing drain.
  4007 | Sewer    | Entered a sewer
  4145 | Sewer    | Reached skill level 5 in Conjurations
  4381 | Sewer    | Reached skill level 10 in Spellcasting
  4913 | D:5      | Found a staircase to the Ecumenical Temple.
  4922 | Temple   | Entered the Ecumenical Temple
  4979 | D:5      | Found a sparkling altar of Nemelex Xobeh.
  4979 | D:5      | Found a shimmering altar of Xom.
  5249 | D:5      | Reached skill level 11 in Spellcasting
  5249 | D:5      | Reached XP level 9. HP: 47/49 MP: 19/26
  5277 | D:5      | Noticed Menkaure
  5301 | D:5      | Killed Menkaure
  5498 | D:5      | Found a blossoming altar of Fedhas.
  5902 | D:6      | Found an iron altar of Okawaru.
  6160 | D:7      | Noticed Pikel
  6172 | D:7      | Killed Pikel
  6173 | D:7      | Reached skill level 12 in Spellcasting
  6173 | D:7      | Reached skill level 5 in Necromancy
  6303 | D:7      | Found a runed translucent door.
  6307 | D:7      | Found a basalt altar of Yredelemnul.
  6404 | D:7      | Found a glowing golden altar of the Shining One.
  6838 | D:7      | Noticed Maggie
  6876 | D:7      | Killed Maggie
  6877 | D:7      | Reached XP level 10. HP: 34/56 MP: 28/28
  7027 | D:7      | Reached skill level 13 in Spellcasting
  7064 | D:7      | Found a runed translucent gate.
  7065 | D:7      | Noticed Pooter's ghost (novice MiBe)
  7066 | D:7      | Found a runed translucent gate.
  7067 | D:7      | Found a runed translucent gate.
  7247 | D:7      | Noticed Joseph
  7481 | D:7      | Found a burning altar of Makhleb.
  7697 | D:7      | Killed Joseph
  7902 | D:8      | Found a staircase to the Lair.
  8596 | D:8      | Found an ancient bone altar of Kikubaaqudgha.
  8680 | D:8      | Reached skill level 14 in Spellcasting
  8981 | D:9      | Noticed a gargoyle
  9056 | D:9      | Found a flagged portal.
  9065 | Bailey   | Entered a bailey
  9216 | Bailey   | Noticed an orc knight
  9252 | Bailey   | Noticed an orc sorcerer
  9261 | Bailey   | Killed an orc sorcerer
  9272 | Bailey   | Killed an orc knight
  9286 | Bailey   | Reached XP level 11. HP: 28/60 MP: 31/31
  9752 | Bailey   | Found an iron altar of Okawaru.
 10286 | D:9      | Reached skill level 15 in Spellcasting
 10937 | D:9      | Found an ornate altar of the Wu Jian Council.
 11270 | D:10     | Entered Level 10 of the Dungeon
 11341 | D:10     | Noticed Amaemon
 11373 | D:10     | Learned a level 3 spell: Hailstorm
 11373 | D:10     | Noticed Gastronok
 11376 | D:10     | Noticed a tengu warrior
 11426 | D:9      | HP: 1/60 [something/ball of steam (13)]
 11748 | D:7      | Killed Pooter's ghost
 11749 | D:7      | Reached skill level 1 in Ice Magic
 11891 | D:7      | Identified the +2 hat "Somio" {MP+9 Int+3}
 12115 | D:10     | Killed Amaemon
 12124 | D:10     | Killed a tengu warrior
 12215 | D:10     | Noticed a two-headed ogre
 12227 | D:10     | Killed a two-headed ogre
 12228 | D:10     | Reached skill level 16 in Spellcasting
 12284 | D:10     | Noticed a two-headed ogre
 12292 | D:10     | Killed a two-headed ogre
 12293 | D:10     | Reached skill level 5 in Shields
 12324 | D:10     | Killed Gastronok
 12325 | D:10     | Reached XP level 12. HP: 33/64 MP: 19/34
 12581 | D:10     | Found a radiant altar of Vehumet.
 12603 | D:10     | Became a worshipper of Vehumet
 12622 | D:10     | Learned a level 4 spell: Flame Wave
 12655 | D:10     | Noticed Nergalle
 12678 | D:10     | Killed Nergalle
 12679 | D:10     | Reached skill level 10 in Conjurations
 13113 | D:11     | Found Abicli's Armour Boutique.
 13177 | D:11     | Found Meoson's Jewellery Shoppe.
 13400 | D:11     | Reached skill level 17 in Spellcasting
 13597 | D:11     | Found a staircase to the Orcish Mines.
 13845 | D:11     | Reached skill level 1 in Fire Magic
 13845 | D:11     | Reached skill level 1 in Earth Magic
 13908 | D:11     | Found Fuseud's Weapon Shop.
 14295 | D:12     | Reached skill level 10 in Necromancy
 14330 | D:12     | Found a portal to a secret trove of treasure.
 14361 | D:12     | Reached * piety under Vehumet
 14361 | D:12     | Offered knowledge of Shock by Vehumet.
 14695 | D:12     | Noticed a centaur warrior
 14695 | D:12     | Noticed a centaur warrior
 14695 | D:12     | Noticed a centaur warrior
 14714 | D:12     | Killed a centaur warrior
 14722 | D:12     | Killed a centaur warrior
 14726 | D:12     | Killed a centaur warrior
 14728 | D:12     | Reached skill level 18 in Spellcasting
 14965 | D:12     | Identified the +1 ring mail "Utwil" {Harm rPois}
 15003 | D:12     | Noticed a centaur warrior
 15021 | D:12     | Killed a centaur warrior
 15022 | D:12     | Found an iron altar of Okawaru.
 15031 | D:12     | Identified the +6 dagger "Vipoadd" {vorpal, Str+3 Stlth+}
 15048 | D:12     | Identified the +2 robe of Parts Unknown {Rampage rC++
                  | Str+2}
 15317 | Temple   | Acquired the +1 pair of gloves of Luwaf {rElec rCorr Dex+2
                  | Stlth-}
 15319 | Temple   | Acquired 881 gold pieces
 15842 | D:13     | Noticed Urug
 15851 | D:13     | Killed Urug
 15874 | D:13     | Noticed Lodul
 15880 | D:13     | Offered knowledge of Static Discharge by Vehumet.
 15882 | D:13     | Reached ** piety under Vehumet
 15890 | D:13     | Killed Lodul
 15891 | D:13     | Reached XP level 13. HP: 31/72 MP: 37/37
 16139 | D:13     | Killed from afar by a wind drake (shapeshifter)

Illustrated notes

Levels and vault maps discovered:
D:1:      dreamdust_arrival_beginning_and_end, layout_loops_ring, serial_shops,
          nicolae_shop_advertising_works [nicolae_subvault_shop_adworks]
D:2:      layout_loops_ring, hangedman_glass_teeth, skrybe_limestone_x,
          dk_noncrumbling_2, uniq_crazy_yiuf_cottage
D:3:      layout_loops_corners, nicolae_overflow_crystal_walls, uniq_ijyb
D:4:      layout_basic, mainiacjoe_overflow_24_doors, lightli_minifort,
          uniq_sigmund, uniq_eustachio
D:5:      layout_loops_ring, mainiacjoe_overflow_surrounded_room,
          kennysheep_mini_moat, jmf_multi_god_temple,
          minmay_temple_entry_statues_pillars, gup_sewer_entry_bubbles,
          uniq_edmund, uniq_menkaure
D:6:      layout_basic, mainiacjoe_overflow_brackets
D:7:      cheibrodos_steamvent, layout_loops_ring, tso_metal_star,
          dk_yredelemnul_ordeal, makhleb_grotto_becter,
          biasface_ghost_orc_armoury, uniq_pikel, uniq_joseph, uniq_maggie
D:8:      layout_basic, kennysheep_vampire_church, lair_entry_dummy,
          kennysheep_generic_room_10
D:9:      layout_loops_cross, lemuel_crystal_altar, enter_bailey_3
D:10:     layout_irregular_city, fiery_altar_vehumet, minmay_increasing_density,
          uniq_nergalle, uniq_amaemon, uniq_gastronok
D:11:     layout_basic, erik_orc_1, serial_shops, nicolae_shop_hallway_stairs,
          nicolae_shop_statue_plus, nicolae_shop_hallway_stairs
D:12:     evilmike_iron_armoury, layout_basic, enter_trove_1, fountainhead
D:13:     evilmike_diamond_2, layout_loops_ring, serial_shops,
          nicolae_shop_statue_plus, uniq_sonja, uniq_lodul, uniq_urug
Temple:   nicolae_temple_ecumenical_triangle

Skill      XL: |  1  2  3  4  5  6  7  8  9 10 11 12 |
---------------+-------------------------------------+-----
Spellcasting   | 5 6 7 9 11 12 14 16 18 | 18.5
Armour         | 1 2 3 4 |  4.0
Fighting       | 1 2 3 4 |  4.7
Conjurations   | 2 3 4 6 7 8 9 11 | 11.1
Dodging        | 3 |  3.1
Stealth        | 3 |  3.0
Poison Magic   | 1 |  1.0
Air Magic      | 1 |  1.5
Evocations     | 1 |  1.2
Shields        | 2 3 5 |  5.0
Necromancy     | 1 3 5 7 9 10 | 10.0
Ice Magic      | 1 |  1.2
Fire Magic     | 4 |  4.3
Earth Magic    | 1 |  1.0
Summonings     | |  1.1
Translocations | |  1.1

Action                   |  1- 3 |  4- 6 |  7- 9 | 10-12 | 13-15 || total
-------------------------+-------+-------+-------+-------+-------++-------
Melee: Dagger            |     1 |       |   145 |       |       ||   146
       Quarterstaff      |       |    35 |       |       |       ||    35
       Punch             |       |       |     4 |     5 |       ||     9
       Whip              |       |       |    60 |   257 |       ||   317
       Falchion          |       |       |       |    11 |     1 ||    12
Throw: Dart              |     2 |       |       |     2 |       ||     4
 Cast: Magic Dart        |   102 |    30 |   196 |   261 |       ||   589
       Mephitic Cloud    |     2 |     8 |    42 |   105 |     2 ||   159
       Call Imp          |     1 |     1 |    14 |    28 |       ||    44
       Blink             |       |       |     3 |    13 |       ||    16
       Hailstorm         |       |       |       |   114 |     4 ||   118
       Flame Wave        |       |       |       |    29 |     2 ||    31
Evoke: Wand              |       |       |     2 |    27 |       ||    29
  Use: Scroll            |       |       |       |    11 |       ||    11
 Stab: Confused          |       |     3 |    13 |    36 |       ||    52
       Paralysed         |       |       |     3 |    11 |       ||    14
Armor: Robe              |     1 |       |       |       |       ||     1
       Leather armour    |     3 |    10 |    55 |       |       ||    68
       Acid dragon scale |       |       |       |   190 |     7 ||   197
Dodge: Dodged            |     8 |    15 |   100 |   207 |     9 ||   339
Block: Buckler           |       |       |       |    23 |     3 ||    26

Table legend: (Time is in decaauts)
 A = Elapsed time spent in this place.
 B = Non-inter-level travel time spent in this place.
 C = Inter-level travel time spent in this place.
 D = Time resting spent in this place.
 E = Time spent auto-exploring this place.
 F = Levels seen in this place.
 G = Mean time per level.
                   A        B        C        D        E       F      G
               +--------+--------+--------+--------+--------+-----+--------+
         Total |  16436 |  15284 |   1152 |    994 |  10415 |  16 | 1027.2 |
       Dungeon |  14304 |  13163 |   1141 |    694 |   9344 |  13 | 1100.3 |
        Temple |     88 |     77 |     11 |      0 |     29 |   1 |   88.0 |
         Sewer |   1003 |   1003 |      0 |      0 |    708 |   1 | 1003.0 |
        Bailey |   1040 |   1040 |      0 |    300 |    333 |   1 | 1040.0 |
               +--------+--------+--------+--------+--------+-----+--------+

Top non-repeatable levels by time:
     D:7: 1961 daAuts
     D:8: 1591 daAuts
     D:9: 1325 daAuts
     D:1: 1319 daAuts
    D:11: 1239 daAuts
    D:10: 1199 daAuts
    D:12: 1140 daAuts
  Bailey: 1040 daAuts
   Sewer: 1003 daAuts
     D:3: 990 daAuts
     D:2: 943 daAuts
     D:5: 836 daAuts
     D:6: 794 daAuts
     D:4: 612 daAuts
    D:13: 350 daAuts
